 Dungeon Crawl Stone Soup version 0.21.0-3-g78d12a8 (webtiles) character file.

2 Monsterracer the Skirmisher (level 1, -2/21 HPs)
             Began as a Naga Abyssal Knight on Jan 13, 2018.
             Was a Follower of Lugonu.
             Slain by a leopard gecko (5 damage)
             ... on level 1 of the Dungeon.
             The game lasted 00:02:25 (173 turns).

Monsterracer the Skirmisher (Naga Abyssal Knight)    Turns: 173, Time: 00:02:25

Health: -2/21      AC:  2    Str: 14    XL:     1   Next: 40%
Magic:  2/2        EV:  9    Int: 12    God:    Lugonu [*.....]
Gold:   15         SH:  0    Dex: 10    Spells: 0/0 levels left

rFire    + . .     SeeInvis +     - Unarmed
rCold    + . .     Gourm    .   (no shield)
rNeg     . . .     Faith    .   a - +0 leather armour
rPois    +         Spirit   .   (no helmet)
rElec    +         Reflect  .   (no cloak)
rCorr    +         Harm     .   (no gloves)
MR       .....                  (no barding)
Stlth    +.........             (no amulet)
HPRegen  0.07/turn              (no ring)
MPRegen  0.08/turn              (no ring)

@: resistant, very slow
A: large, see invisible, deformed body, poison resistance, slowness 2, slow
metabolism 1, spit poison 1, AC +0
a: Spit Poison, Depart the Abyss, Renounce Religion


You were on level 1 of the Dungeon.
You worshipped Lugonu.
Lugonu was aware of your devotion.
You were not hungry.

You visited 1 branch of the dungeon, and saw 1 of its levels.
You visited the Abyss 1 time.

You collected 15 gold pieces.

Inventory:

Armour
 a - a +0 leather armour (worn)
Comestibles
 b - a ration


   Skills:
 - Level 3.0 Fighting
 - Level 1.5 Armour
 - Level 0.7 Dodging
 + Level 2.2 Unarmed Combat
 - Level 2.0 Invocations


You couldn't memorise any spells.
You didn't know any spells.

Dungeon Overview and Level Annotations

Branches:
Dungeon (1/15)

Altars:


Innate Abilities, Weirdness & Mutations

You cannot wear boots.
Your serpentine skin is tough. (AC +0)
You have supernaturally acute eyesight. (SInv)
Armour fits poorly on your strangely shaped body.
Your system is resistant to poisons. (rPois)
You cover ground very slowly.
You have a slow metabolism.
You can spit poison.


Message History

Welcome, Monsterracer the Naga Abyssal Knight.
Will you be the one to retrieve the fabulous Orb of Zot from the depths?
Lugonu says: Depart the Abyss and spread corruption, my servant! (use the ability menu to exit the Abyss) Press ? for a list of commands and other information.
Found a robe.
Found a corrupted altar of Lugonu.
Found a mace.
Found a corrupted altar of Lugonu.
Found a scroll labeled OTULAU DIEC.
c - a scroll labeled OTULAU DIEC
Found a gateway leading deeper into the Abyss.
Unknown command.
You see here a mace.
There is a gateway leading deeper into the Abyss here.
You see here a robe.
Found a gateway leading out of the Abyss.
There is a gateway leading out of the Abyss here.
You don't know any spells.
You pass through the gate.
Found a murky puce potion and 15 gold pieces.
There is a staircase leading out of the dungeon here.
Unknown command.
d - a murky puce potion You now have 15 gold pieces.
You open the door.
A dart slug comes into view.
There is an open door here.
A goblin comes into view.
The goblin shouts!
The dart slug bites you.
A goblin and a kobold come into view.
You take 2 damage, and have 19/21 hp.
Press: ? - help, Shift-Dir - straight line, f - dart slug
Aim: a dart slug (clinging)
The splash of poison hits the dart slug.
The dart slug is poisoned.
The dart slug is moderately wounded.
You feel slightly more hungry.
The goblin shouts!
The goblin moves out of view.
The kobold throws a stone.
The stone closely misses you.
You hit the dart slug but do no damage.
The dart slug is heavily wounded.
The dart slug bites you.
The kobold throws a stone.
The stone hits you but does no damage.
A leopard gecko comes into view.
You take 1 damage, and have 18/21 hp.
The leopard gecko hisses angrily.
You hit the dart slug.
You kill the dart slug!
Lugonu accepts your kill. The goblin closely misses you.
A frilled lizard comes into view.
A goblin comes into view.
The goblin shouts!
There is an open door here.
You have got your breath back.
A hobgoblin comes into view. It is wielding a club.
You barely miss the goblin. The goblin hits you. x2
A frilled lizard comes into view.
You take 6 damage, and have 13/21 hp.
MASSIVE DAMAGE!!
It was a potion of resistance.
You feel protected. The goblin closely misses you.
You aren't carrying any potions.
As you read the scroll labeled OTULAU DIEC, it crumbles to dust.
It is a scroll of identify.
You don't have any unidentified items.
The frilled lizard hisses angrily.
The goblin hits you but does no damage.
You closely miss the goblin. The leopard gecko bites you.
* * * LOW HITPOINT WARNING * * *
The goblin hits you.
* * * LOW HITPOINT WARNING * * *
The goblin hits you.
* * * LOW HITPOINT WARNING * * *
You take 8 damage, and have 5/21 hp.
MASSIVE DAMAGE!!
The goblin hits you.
* * * LOW HITPOINT WARNING * * *
The leopard gecko bites you.
You die...

###### #....#.#
#....+.# #
#....#.#.#
#....#.#. ###
#<...+.. ...
#....#.###.g
#..@g#.l#.# .
#..glKg#..#....
#....#g(.......
#########......
...#. .... ...
#.


You could see a leopard gecko, a hobgoblin, 3 goblins and a kobold.

Vanquished Creatures
  A dart slug (D:1)
1 creature vanquished.

Notes
Turn   | Place    | Note
-------+----------+-------------------------------------------
     0 | Abyss:1  | Monsterracer the Naga Abyssal Knight began the quest for the Orb.
     0 | Abyss:1  | Reached XP level 1. HP: 21/21 MP: 2/2
     1 | Abyss:1  | Found a corrupted altar of Lugonu.
    28 | Abyss:1  | Found a corrupted altar of Lugonu.
   134 | Abyss:1  | Found a corrupted altar of Lugonu.
   149 | D:1      | Escaped the Abyss
   172 | D:1      | HP: 10/21 [leopard gecko (3)]
   173 | D:1      | HP: 3/21 [goblin (2)]
   173 | D:1      | Slain by a leopard gecko

Action                   || total
-------------------------++-------
Melee: Unarmed           ||     4
 Abil: Spit Poison       ||     1
  Use: Scroll            ||     1
       Potion            ||     1
Armor: Leather armour    ||     1
Dodge: Dodged            ||     3

Vault maps used:
D:1:      lemuel_arrival_behind_the_door_small
